 Dungeon Crawl Stone Soup version 0.27-a0-1116-g91b3acb402 (webtiles) character file.

Game seed: 16229119343740999937

119 wakim the Firebug (level 4, -4/33 HPs)
             Began as a Demigod Fire Elementalist on May 1, 2021.
             Killed from afar by an orc wizard (7 damage)
             ... with a magic dart
             ... on level 3 of the Dungeon.
             The game lasted 00:07:00 (3112 turns).

wakim the Firebug (Demigod Fire Elementalist)       Turns: 3112, Time: 00:07:01

Health: -4/33      AC:  4    Str:  9    XL:     4   Next: 46%
Magic:  1/9        EV: 12    Int: 26    God:
Gold:   1174       SH:  0    Dex: 14    Spells: 1/6 levels left

rFire    + . .     SeeInvis .   a - +0 dagger
rCold    . . .     Faith    .   (no shield)
rNeg     . . .     Spirit   .   i - +0 robe
rPois    +         Reflect  .   (no helmet)
rElec    .         Harm     .   (no cloak)
rCorr    .         Rampage  .   (no gloves)
Will     .....                  b - +1 pair of boots of Natuim {+Blink rPois rF+ Int+5}
Stlth    ++........             (no amulet)
HPRegen  0.11/turn              h - ring of flight
MPRegen  0.11/turn              (no ring)

@: flying, hasted, very quick
A: high mp 1, forlorn
a: Evoke Blink


You were on level 3 of the Dungeon.
You visited 1 branch of the dungeon, and saw 3 of its levels.

You collected 1174 gold pieces.

Inventory:

Hand Weapons
 a - a +0 dagger (weapon)
Armour
 b - the +1 pair of boots of Natuim (worn) {+Blink rPois rF+ Int+5}
   (You acquired it on level 2 of the Dungeon)

   It affects your intelligence (+5).
   It protects you from fire.
   It protects you from poison.
   It lets you blink.
 i - a +0 robe (worn)
Jewellery
 h - a ring of flight (left hand)
Potions
 K - 2 potions of magic
 O - a potion of resistance


   Skills:
 - Level 1.7 Dodging
 - Level 1.7 Stealth
 + Level 1.9 Spellcasting
 * Level 2.9 Conjurations
 * Level 4.0 Fire Magic


You had one spell level left.
You knew the following spells:

 Your Spells              Type           Power      Damage    Failure   Level
a - Foxfire               Conj/Fire      80%        2x1d8     2%          1
q - Sticky Flame          Conj/Fire      20%        2d4       26%         4

Your spell library contained the following spells:

 Spells                   Type           Power      Damage    Failure   Level
 Conjure Flame            Conj/Fire      20%        6-21      8%          3
 Inner Flame              Hex/Fire       12%        N/A       14%         3
 Fireball                 Conj/Fire      10%        3d6       56%         5


Dungeon Overview and Level Annotations

Branches:
Dungeon (3/15)


Innate Abilities, Weirdness & Mutations

Your attributes grow dramatically as you level up.
You have an increased reservoir of magic. (+10% MP)
You shall have no god before yourself.


Message History

Casting: Foxfire (safe; 2% risk of failure)
Confirm with . or Enter, or press ? or * to list all spells.
You conjure some foxfire!
The foxfire hits something but does no damage.
Your foxfire dissipates!
Casting: Foxfire (safe; 2% risk of failure)
Confirm with . or Enter, or press ? or * to list all spells.
You conjure some foxfire!
The foxfire hits something.
Casting: Foxfire (safe; 2% risk of failure)
Confirm with . or Enter, or press ? or * to list all spells.
Nothing appears to happen.
Something hits you.
* * * LOW HITPOINT WARNING * * *
Your foxfire dissipates!
Casting: Foxfire (safe; 2% risk of failure)
Confirm with . or Enter, or press ? or * to list all spells.
You conjure some foxfire!
The foxfire hits something.
The foxfire hits something.
Casting: Foxfire (safe; 2% risk of failure)
Confirm with . or Enter, or press ? or * to list all spells.
You don't have enough magic to cast this spell.
You are confused.
You bump into the rock wall.
You bump into the rock wall.
The bat hits you.
* * * LOW HITPOINT WARNING * * *
Something hits you.
* * * LOW HITPOINT WARNING * * *
The bat hits you but does no damage.
You hit the bat.
The bat is moderately wounded.
The bat hits you.
* * * LOW HITPOINT WARNING * * *
The bat closely misses you. Something hits you.
* * * LOW HITPOINT WARNING * * *
You feel less confused. The bat hits you but does no damage.
A magic dart appears from out of thin air!
The magic dart hits you!
You die...

###### #....# ######.##.# ######
#....#.##.### #....# ######
#.##.#.##...# #..... #....#
#.##.#....#.###..#.#
#.##.#####..#.####.#.....<...
#####.#.......#.#...##.######....
................@................
#####.......<...#...#####..(.....
..........#######.### .#.###.#
........).#.....#.# #.....#
..........#.###.#{### #.#......
..........#.#...bg..## #.....###
.....................# ##.#....
..........#.#.#...#.........#..##
######....#.#.#.#.#...#####.#....


You could see a goblin.

Vanquished Creatures
  A bullfrog skeleton (D:2)
  3 adders
  2 dart slugs (D:3)
  5 orcs (D:3)
  2 ball pythons (D:2)
  6 bats
  2 endoplasms
  A giant cockroach (D:2)
  4 goblins
  3 hobgoblins
  10 jackals
  A quokka (D:2)
  4 frilled lizards
  3 kobolds (D:1)
  7 rats
54 creatures vanquished.

Vanquished Creatures (others)
  179 foxfires
179 creatures vanquished.

Grand Total: 233 creatures vanquished

Notes
Turn   | Place    | Note
-------+----------+-------------------------------------------
     0 | D:1      | wakim the Demigod Fire Elementalist began the quest for the
                  | Orb.
     0 | D:1      | Reached XP level 1. HP: 14/14 MP: 5/5
    59 | D:1      | Reached skill level 1 in Conjurations
   261 | D:1      | Reached skill level 3 in Fire Magic
   355 | D:1      | Reached XP level 2. HP: 20/20 MP: 0/7
   811 | D:1      | Identified 2 scrolls of acquirement
   811 | D:1      | Acquired 1102 gold pieces
   983 | D:2      | Acquired the +1 pair of boots of Natuim {+Blink rPois rF+
                  | Int+5}
  1328 | D:2      | Reached XP level 3. HP: 26/26 MP: 5/8
  2573 | D:3      | Reached XP level 4. HP: 33/33 MP: 5/9
  2607 | D:3      | Learned a level 4 spell: Sticky Flame
  3074 | D:3      | Reached skill level 4 in Fire Magic
  3112 | D:3      | Killed from afar by an orc wizard

Illustrated notes

Levels and vault maps discovered:
D:1:      amcnicky_arrival_gap_in_the_tavern_cellar, layout_rooms,
          grunt_decor_junction
D:2:      layout_basic, hellmonk_ecumenical_altar_pennies_from_heaven
D:3:      layout_basic, nicolae_overflow_hidden_temple,
          chequers_temple_overflow_statue_of_worship

Skill      XL: |  1  2  3  4 |
---------------+-------------+-----
Conjurations   | 1 2 |  2.9
Fire Magic     | 3 4 |  4.0
Dodging        | |  1.7
Stealth        | |  1.7
Spellcasting   | |  1.9

Action                   |  1- 3 |  4- 6 || total
-------------------------+-------+-------++-------
Melee: Dagger            |     8 |     2 ||    10
 Cast: Foxfire           |    89 |    30 ||   119
  Use: Scroll            |     8 |     1 ||     9
       Potion            |       |     1 ||     1
Armor: Robe              |    14 |     5 ||    19
Dodge: Dodged            |    26 |     8 ||    34

Table legend: (Time is in decaauts)
 A = Elapsed time spent in this place.
 B = Non-inter-level travel time spent in this place.
 C = Inter-level travel time spent in this place.
 D = Time resting spent in this place.
 E = Time spent auto-exploring this place.
 F = Levels seen in this place.
 G = Mean time per level.
                   A        B        C        D        E       F      G
               +--------+--------+--------+--------+--------+-----+--------+
         Total |   3100 |   3067 |     33 |    236 |   2414 |   3 | 1033.3 |
       Dungeon |   3100 |   3067 |     33 |    236 |   2414 |   3 | 1033.3 |
               +--------+--------+--------+--------+--------+-----+--------+

Top non-repeatable levels by time:
     D:2: 1747 daAuts
     D:1: 815 daAuts
     D:3: 537 daAuts
